 Dungeon Crawl Stone Soup version 0.20.1-1-g8b1a95d (webtiles) character file.

8797 Linguinho the Grappler (level 11, -1/98 HPs)
             Began as a Troll Hunter on Nov 23, 2017.
             Slain by an unseen horror (10 damage)
             ... on level 10 of the Dungeon.
             The game lasted 00:15:44 (6513 turns).

Linguinho the Grappler (Troll Hunter)               Turns: 6513, Time: 00:15:45

Health: -1/98      AC:  8    Str: 25    XL:     11   Next: 14%
Magic:  10/10      EV: 10    Int:  7    God:
Gold:   487        SH:  0    Dex: 10    Spells: 10/10 levels left

rFire    + . .     SeeInvis .     - Unarmed
rCold    . . .     Gourm    +   (no shield)
rNeg     . . .     Faith    .   b - +0 robe
rPois    .         Spirit   .   (helmet restricted)
rElec    .         Reflect  .   R - +2 cloak
rCorr    .         Harm     .   (gloves unavailable)
MR       .....                  (boots unavailable)
Stlth    +.........             m - amulet of regeneration
Regen    1.1/turn               w - ring of protection from fire
MPRegen  0.2/turn               (no ring)

@: no status effects
A: unfitting armour, claws 3, fast metabolism 3, gourmand, regeneration 1,
shaggy fur 1, tough skin 2
a: no special abilities


You were on level 10 of the Dungeon.
You were completely stuffed.

You visited 1 branch of the dungeon, and saw 10 of its levels.

You collected 487 gold pieces.

Inventory:

Hand Weapons
 O - a +2 mace
 S - a +0 giant spiked club
Missiles
 c - 8 large rocks (quivered)
 d - 2 throwing nets
Armour
 b - a +0 robe (worn)
 R - a +2 cloak (worn)
Jewellery
 l - a +3 ring of strength
 m - an amulet of regeneration (around neck)
 o - an uncursed amulet of magic regeneration {unknown}
 w - a ring of protection from fire (left claw)
 K - an uncursed amulet of rage
 N - an uncursed amulet of faith {unknown}
 P - a +5 ring of intelligence {unknown}
Wands
 j - a wand of polymorph (1/24)
 y - a wand of scattershot (5/9)
Scrolls
 a - 2 scrolls of recharging
 e - 5 scrolls of teleportation
 k - 2 scrolls of immolation
 n - 3 scrolls of blinking {unknown}
 p - 2 scrolls of fear
 q - a scroll of magic mapping {unknown}
 v - 3 scrolls of remove curse
 B - a scroll of amnesia {unknown}
 F - a scroll of silence {unknown}
 M - 2 scrolls of noise {unknown}
 Q - a scroll of enchant armour {unknown}
Potions
 r - 2 potions of haste {unknown}
 s - a potion of magic {unknown}
 t - 2 potions of flight
 u - 3 potions of lignification
 x - 3 potions of mutation {unknown}
 z - 2 potions of agility
 C - 2 potions of might
 I - 2 potions of heal wounds {unknown}
 J - a potion of curing
 L - a potion of brilliance {unknown}
Books
 D - a book of Cantrips

   Spells                             Type                      Level
   a - Confusing Touch                Hexes                        1
   b - Animate Skeleton               Necromancy                   1
   c - Summon Small Mammal            Summoning                    1
   d - Apportation                    Translocation                1
 E - a book of Misfortune

   Spells                             Type                      Level
   a - Confusing Touch                Hexes                        1
   b - Confuse                        Hexes                        3
   c - Gell's Gravitas                Translocation                3
   d - Petrify                        Transmutation/Earth          4
   e - Metabolic Englaciation         Hexes/Ice                    5
   f - Yara's Violent Unravelling     Hexes/Transmutation          5
 G - a Grand Grimoire

   Spells                             Type                      Level
   a - Monstrous Menagerie            Summoning                    7
   b - Summon Greater Demon           Summoning                    7
   c - Malign Gateway                 Summoning/Translocation      7
   d - Summon Horrible Things         Summoning                    8
Comestibles
 f - 8 bread rations
 g - 7 meat rations
 i - 9 fruits
 H - 4 royal jellies


   Skills:
 + Level 3.8 Fighting
 * Level 4.9 Maces & Flails
 + Level 5.1 Throwing
 - Level 1.5 Dodging
 - Level 0.3 Stealth
 * Level 14.6 Unarmed Combat


You had 10 spell levels left.
You didn't know any spells.

Dungeon Overview and Level Annotations

Branches:
Dungeon (10/15)            Temple (0/1) D:5
   Lair: D:8-11         Orc: D:9-12

Altars:
Ashenzari
Okawaru
Qazlal
Sif Muna
Trog
Uskayaw
Vehumet
The Shining One

Shops:
D:4 [   D:10 (


Innate Abilities, Weirdness & Mutations

You are too large for most types of armour.
You have claws for hands.
Your metabolism is lightning-fast.
You like to eat raw meat.
Your natural rate of healing is unusually fast.
You are covered in fur. (AC +1)
You have very tough skin. (AC +2)


Message History

Press: ? - help, Shift-Dir - straight line, f - you Really target yourself? [Y]es or [N]o only, please.
Really target yourself? [Y]es or [N]o only, please.
Really target yourself?
Okay, then.
Throwing (i - inventory. (,) - cycle):
c - 9 large rocks (quivered)
Press: ? - help, Shift-Dir - straight line You throw a large rock.
Something hits you.
* * * LOW HITPOINT WARNING * * *
Something hits you!
* * * LOW HITPOINT WARNING * * *
You mangle something!! Something hits you!
* * * LOW HITPOINT WARNING * * *
You feel better. Something hits you.
* * * LOW HITPOINT WARNING * * *
Something hits you but does no damage. Something hits you!
You die...

............#.##.#
............'.##.#
...........#.##.#
################....# ###
#....######...#.....# ..#
#....+.....>..'.###.# ..#
#....#........#.###.# ..#
#....#........#.....# ..#
#....#####@####.....#
..#######........# #.....#
........#.....##.# #..##.#
........#.##..##.# #..##.#
#.###..##.......(####.....#
#####..###########.#......#
.......##..........#.####.#
.......##..........#.####.#
.......####'###'####......#


There were no monsters in sight!

Vanquished Creatures
  2 two-headed ogres
  An unseen horror (D:10)
  Psyche (D:8)
  2 gargoyles
  A hornet (D:7)
  The ghost of Frank the Slasher, an amateur OpFi (D:4)
  Grinder (D:3)
  A hippogriff (D:10)
  A shadow (D:9)
  13 yaks
  A black bear (D:10)
  An orc warrior (D:8)
  An ice beast (D:7)
  2 sky beasts
  A phantom (D:7)
  3 ogres
  A necrophage (D:6)
  3 centaurs
  A big kobold (D:10)
  3 bullfrogs
  2 scorpions
  10 killer bees
  A wight (D:10)
  5 howler monkeys
  A bullfrog zombie (D:7)
  2 crimson imps
  Crazy Yiuf (D:4)
  2 bullfrog skeletons
  8 orc priests
  4 hounds
  2 jellies
  Ijyb (D:3)
  2 iguanas
  3 orc wizards
  4 worker ants
  A hound zombie (D:5)
  Robin (D:2)
  13 adders
  3 shadow imps
  4 oozes
  2 adder skeletons
  4 worms
  2 dart slugs (D:2)
  5 leopard geckos
  21 orcs
  A ball python (D:2)
  7 giant cockroaches
  16 goblins
  12 hobgoblins
  2 jackals (D:7)
  6 quokkas
  12 bats
  5 frilled lizards
  2 jackal zombies
  10 kobolds
  A leopard gecko skeleton (D:6)
  5 rats
  2 fungi (D:4)
226 creatures vanquished.

Notes
Turn   | Place    | Note
-------+----------+-------------------------------------------
     0 | D:1      | Linguinho the Troll Hunter began the quest for the Orb.
     0 | D:1      | Reached XP level 1. HP: 19/19 MP: 0/0
   188 | D:1      | Reached XP level 2. HP: 22/27 MP: 1/1
   382 | D:1      | Reached skill level 1 in Unarmed Combat
   597 | D:2      | Reached XP level 3. HP: 30/35 MP: 2/2
   611 | D:2      | Reached skill level 2 in Unarmed Combat
   631 | D:2      | Reached XP level 4. HP: 29/42 MP: 3/3
   899 | D:2      | Noticed Robin
   960 | D:2      | Killed Robin
   960 | D:2      | Reached skill level 3 in Unarmed Combat
  1119 | D:2      | Reached XP level 5. HP: 49/49 MP: 4/4
  1426 | D:3      | Reached skill level 4 in Unarmed Combat
  1489 | D:3      | Noticed Grinder
  1535 | D:3      | Paralysed by Grinder for 2 turns
  1544 | D:3      | Killed Grinder
  1544 | D:3      | Reached skill level 5 in Unarmed Combat
  1544 | D:3      | Reached XP level 6. HP: 9/57 MP: 5/5
  1857 | D:3      | Noticed Ijyb
  1876 | D:3      | Killed Ijyb
  1876 | D:3      | Reached skill level 6 in Unarmed Combat
  2020 | D:4      | Noticed Frank's ghost (amateur OpFi)
  2048 | D:4      | Killed Frank's ghost
  2048 | D:4      | Reached skill level 1 in Maces & Flails
  2048 | D:4      | Reached XP level 7. HP: 47/63 MP: 6/6
  2248 | D:4      | Found Xaumaefa's Antique Armour Emporium.
  2286 | D:4      | Reached skill level 7 in Unarmed Combat
  2815 | D:4      | Found a runed door.
  2819 | D:4      | Noticed Crazy Yiuf
  2827 | D:4      | Killed Crazy Yiuf
  2870 | D:5      | Entered Level 5 of the Dungeon
  3059 | D:5      | Reached skill level 8 in Unarmed Combat
  3069 | D:5      | Reached XP level 8. HP: 55/72 MP: 7/7
  3141 | D:5      | Found a bloodstained altar of Trog.
  3142 | D:5      | Found an iron altar of Okawaru.
  3172 | D:5      | Found a staircase to the Ecumenical Temple.
  3579 | D:6      | Found a stormy altar of Qazlal.
  3631 | D:6      | Reached skill level 9 in Unarmed Combat
  4044 | D:7      | Reached skill level 10 in Unarmed Combat
  4141 | D:7      | Reached XP level 9. HP: 59/79 MP: 8/8
  4207 | D:7      | Found a deep blue altar of Sif Muna.
  4224 | D:7      | Found a glowing golden altar of the Shining One.
  4416 | D:7      | Reached skill level 11 in Unarmed Combat
  4453 | D:7      | Found a stormy altar of Qazlal.
  4484 | D:7      | Found a hide-covered altar of Uskayaw.
  4545 | D:8      | Noticed a gargoyle
  4557 | D:8      | Killed a gargoyle
  4596 | D:8      | Noticed Psyche
  4599 | D:8      | Killed Psyche
  4631 | D:8      | Found a shattered altar of Ashenzari.
  4707 | D:8      | Noticed a two-headed ogre
  4727 | D:8      | Killed a two-headed ogre
  4727 | D:8      | Reached skill level 5 in Throwing
  4727 | D:8      | Reached skill level 12 in Unarmed Combat
  4727 | D:8      | Reached XP level 10. HP: 66/88 MP: 9/9
  5220 | D:7      | Found a radiant altar of Vehumet.
  5227 | D:7      | Got a bloodstained great sword
  5228 | D:7      | Identified the +6 great sword "Ox" {freeze, rPois} (You found it on level 7 of the Dungeon)
  5394 | D:9      | Reached skill level 13 in Unarmed Combat
  5401 | D:10     | Entered Level 10 of the Dungeon
  5527 | D:10     | Killed an unseen horror
  5907 | D:10     | Reached skill level 14 in Unarmed Combat
  5936 | D:10     | Noticed a two-headed ogre
  5950 | D:10     | Killed a two-headed ogre
  6085 | D:10     | Found Belefre's Antique Weapon Emporium.
  6205 | D:10     | Reached XP level 11. HP: 86/97 MP: 10/10
  6510 | D:10     | HP: 3/98 [something (8)]
  6513 | D:10     | Slain by an unseen horror

Skill      XL: |  1  2  3  4  5  6  7  8  9 10 |
---------------+-------------------------------+-----
Throwing       | 4 5 |  5.1
Unarmed Combat | 1 2 3 5 6 8 10 12 14 | 14.6
Maces & Flails | 1 2 3 4 |  4.9
Fighting       | 2 3 |  3.8
Dodging        | |  1.5
Stealth        | |  0.3

Action                   |  1- 3 |  4- 6 |  7- 9 | 10-12 || total
-------------------------+-------+-------+-------+-------++-------
Melee: Unarmed           |   101 |   163 |   228 |   197 ||   689
       Short sword       |     2 |       |       |       ||     2
       Punch             |       |     1 |     6 |     8 ||    15
Throw: Large rock        |     1 |     5 |     1 |     6 ||    13
       Throwing net      |       |       |       |     1 ||     1
  Use: Scroll            |       |     6 |     7 |       ||    13
       Potion            |       |       |       |     2 ||     2
 Stab: Sleeping          |     2 |     1 |       |       ||     3
  Eat: Chunk             |    11 |    13 |    25 |    16 ||    65
Armor: Robe              |    59 |    45 |    57 |   103 ||   264
       Skin              |       |       |       |     6 ||     6
Dodge: Dodged            |    70 |    90 |    89 |    65 ||   314
